 Dungeon Crawl Stone Soup version 0.32-a0-720-g1d96ad0 (webtiles) character file.

Game seed: 2464832408987147846

2479 edsrzf the Basher (level 9, 0/56 (61) HPs)
             Began as a Coglin Gladiator on Mar 14, 2024.
             Was a Believer of Cheibriados.
             Killed themself with a badly aimed rupture (5 damage)
             ... on level 8 of the Dungeon on Mar 16, 2024.
             The game lasted 00:11:29 (5332 turns).

edsrzf the Basher (Coglin Gladiator)                Turns: 5332, Time: 00:11:29

HP:   0/56 (61)     AC: 10    Str: 20    XL:     9   Next: 51%
MP:   9/9           EV: 10    Int: 14    God:    Cheibriados [**....]
Gold: 416           SH:  0    Dex: 20    Spells: 8/8 levels left

rFire   . . .        a - +0 flail {Eunkyung}
rCold   . . .        r - +0 morningstar {Lars}
rNeg    . . .        t - +1 scale mail {Will+}
rPois   .            c - +0 helmet
rElec   .            v - +0 cloak {Stlth+}
rCorr   .            (no gloves)
SInv    .            q - +0 pair of boots
Will    +....        (amulet unavailable)
Stlth   +            (ring unavailable)
HPRegen 0.29/turn    (ring unavailable)
MPRegen 0.11/turn    (no gizmo)

%: no passive effects
@: drained, revved, very slow
A: off-hand wielding, slow wielding, warmup strikes, no jewellery
a: Invent Gizmo, Renounce Religion, Bend Time


You were on level 8 of the Dungeon.
You worshipped Cheibriados.
Cheibriados was pleased with you.
You visited 2 branches of the dungeon, and saw 9 of its levels.
You also visited: Sewer.

You collected 416 gold pieces.

Inventory:

Hand Weapons
 a - a +0 flail (weapon) {Eunkyung}
 r - a +0 morningstar (offhand) {Lars}
 J - a +2 morningstar
Missiles
 d - 3 throwing nets (quivered) {=f}
 e - a javelin
 o - 12 poisoned darts
 y - a silver javelin
Armour
 b - the +1 pair of boots of the Hidden Vale {Harm rN+ Str-3 Dex+6}
   (You found it on level 4 of the Dungeon)

   Str-3:     It affects your strength (-3).
   Dex+6:     It affects your dexterity (+6).
   rN+:       It protects you from negative energy.
   Harm:      It increases damage dealt and taken.
 c - a +0 helmet (worn)
 q - a +0 pair of boots (worn)
 t - a +1 scale mail of willpower (worn)
 v - a +0 cloak of stealth (worn)
Wands
 u - a wand of polymorph (6)
 H - a wand of warping (6)
Scrolls
 h - 5 scrolls of teleportation {@r3}
 i - 2 scrolls of enchant weapon {unknown}
 j - 4 scrolls of identify {@r1}
 k - a scroll of enchant armour {unknown}
 l - a scroll of torment {unknown}
 m - a scroll of fear
 n - a scroll of brand weapon {unknown}
 x - a scroll of immolation {unknown}
 z - 2 scrolls of summoning {unknown}
 A - a scroll of silence {unknown}
 B - a scroll of fog {unknown}
 E - a scroll of revelation {unknown}
 F - a scroll of poison {unknown}
Potions
 g - 3 potions of brilliance
 p - 3 potions of berserk rage {unknown}
 s - 2 potions of attraction {unknown}
 w - 3 potions of lignification {unknown}
 C - 2 potions of mutation {unknown}
 D - a potion of cancellation {unknown}
 G - 2 potions of ambrosia {unknown}
 I - 2 potions of curing


   Skills:
 - Level 2.0 Fighting
 + Level 11.8 Maces & Flails
 - Level 1.7 Throwing
 - Level 2.6 Dodging


You had 8 spell levels left.
You didn't know any spells.
Your spell library contained the following spells:

 Spells                   Type           Power      Damage    Failure   Level
 Sublimation of Blood     Necr           0%         N/A       78%         2
 Fugue of the Fallen      Necr           0%         N/A       95%         3
 Gell's Gravitas          Tloc           0%         N/A       95%         3
 Ozocubu's Armour         Ice            0%         N/A       95%         3
 Summon Ice Beast         Ice/Summ       0%         N/A       95%         3
 Teleport Other           Tloc           0%         N/A       95%         3
 Tukima's Dance           Hex            0%         N/A       95%         3
 Manifold Assault         Tloc           0%         N/A       100%        4
 Passage of Golubria      Tloc           0%         N/A       100%        4
 Petrify                  Alch/Erth      0%         N/A       100%        4
 Irradiate                Conj/Alch      0%         3d11      100%        5
 Summon Mana Viper        Hex/Summ       0%         N/A       100%        5
 Yara's Violent Unravell  Hex/Alch       0%         3d3       100%        5
 Dispersal                Tloc           0%         N/A       100%        6
 Monstrous Menagerie      Summ           0%         N/A       100%        7


Dungeon Overview and Level Annotations

Branches:
Dungeon (8/15)             Temple (1/1) D:5           Sewer (visited)
   Lair: D:8-11

Altars:
Ashenzari
Cheibriados
Elyvilon
Fedhas
Hepliaklqana
Kikubaaqudgha
Makhleb
Nemelex Xobeh
Okawaru
Qazlal
Ru
Sif Muna
Trog
Uskayaw
Vehumet
Wu Jian
Xom
Yredelemnul
Zin
The Shining One

Shops:
D:5 [


Innate Abilities, Weirdness & Mutations

You can wield a second weapon in your off-hand.
It takes a long time for you to wield or remove held weapons.
Your first few attacks do less damage.
You cannot equip rings or amulets.


Message History

The wight is severely damaged.
You hit the wight with your +0 morningstar.
Press: ? - help, v - describe, . - travel
Here: a wight, wielding a +2 morningstar and wearing a +0 robe (severely damaged)
The floor.
You puncture the wight with your +0 morningstar!
You destroy the wight!
Cheibriados appreciates the change of pace.
The wight hits you with a +3 long sword!
The wight hits you with a +2 hand axe of freezing.
The wight freezes you.
Your life force feels restored.
Press: ? - help, v - describe, . - travel The floor.
You sock the wight with your +0 flail!
You destroy the wight!
Cheibriados appreciates the change of pace.
The wight misses you.
You hit the wight but do no damage.
You barely miss the wight with your +0 flail.
The wight hits you with a +2 hand axe of freezing!
You feel drained. The wight freezes you.
You hit the wight with your +0 morningstar.
The wight is moderately damaged.
You hit the wight but do no damage.
The wight hits you with a +2 hand axe of freezing.
You feel drained. The wight freezes you.
* * * LOW HITPOINT WARNING * * *
You barely miss the wight with your +0 morningstar.
The wight is moderately damaged.
You hit the wight with your +0 flail. The wight hits you but does no damage.
Press: ? - help, v - describe, . - travel
Here: a wight, wielding a +2 hand axe of freezing and wearing a +0 robe (heavily damaged)
The floor.
You barely miss the wight with your +0 morningstar.
The wight is heavily damaged.
You thump the wight with your +0 flail!
You destroy the wight!
Cheibriados appreciates the change of pace. 2 wights come into view.
A wight is wielding a +1 hand axe of freezing.
Things that are here:
a +2 morningstar; a +0 robe
J - a +2 morningstar
Okay, then.
Okay, then.
Throw: 2 javelins (silver)
Press: ? - help, Shift-Dir - straight line, f - wight
Aim: a wight, wielding a +1 hand axe of freezing and wearing a +0 robe (60% to hit)
You throw a silver javelin.
The silver javelin pierces through the wight.
The wight is lightly damaged.
The silver javelin closely misses the wight.
The wight barely misses you.
You barely miss the wight with your +0 morningstar.
The wight is lightly damaged.
You closely miss the wight with your +0 flail.
You closely miss the wight with your +0 flail.
The wight is lightly damaged.
You sock the wight with your +0 morningstar!
The wight hits you with a +1 hand axe of freezing.
You feel drained. The wight freezes you. The wight closely misses you.
You closely miss the wight with your +0 morningstar.
The wight is severely damaged.
You completely miss the wight with your +0 flail.
The wight hits you with a +1 hand axe of freezing.
The wight freezes you.
* * * LOW HITPOINT WARNING * * *
You hit the wight but do no damage.
The wight is severely damaged.
You closely miss the wight with your +0 morningstar.
The wight barely misses you.
The wight hits you with a +1 hand axe of freezing.
* * * LOW HITPOINT WARNING * * *
You feel drained. The wight freezes you.
* * * LOW HITPOINT WARNING * * *
You feel much better. The wight barely misses you.
The wight hits you with a +1 hand axe of freezing.
The wight freezes you.
You hit the wight but do no damage.
The wight is severely damaged.
You hit the wight but do no damage. The wight hits you with a +0 falchion!
* * * LOW HITPOINT WARNING * * *
The wight hits you with a +1 hand axe of freezing!
* * * LOW HITPOINT WARNING * * *
The wight freezes you.
* * * LOW HITPOINT WARNING * * *
Okay, then.
Okay, then.
Unknown command.
Okay, then.
Aiming: Warp Space
Press: ? - help, Shift-Dir - straight line, f/p - wight
Aim: a wight, wielding a +1 hand axe of freezing and wearing a +0 robe (severely damaged) Space twists violently!
The rupture engulfs the wight!
The wight blinks!
You destroy the wight!
Cheibriados appreciates the change of pace.
The rupture engulfs you.
You die...
Cheibriados appreciates the motionlessness of death.

######## #......# #......# ....
#......###. ... #.......... ...
#.......... #'# #.......... #
#.####### #####..........
#.#.#.#.....#
#.@ยง...[(#+########
#.#.#.).^.#.###..z....).........#
.....)))......'.........>##......
..#.#)#)#.#.###.......##.#.......
#...#...g..<#.....).##.........
###.###g#.###.......##....#....
#.....#.# #....####....#.#...
#.....#.# #..(.# #....#.#.#..
#.....#.#.....# #....#.#.#.#.


You could see a wight.

Vanquished Creatures
  A wyvern (D:7)
  A steam dragon (D:6)
  Menkaure (D:6)
  A water moccasin (D:8)
  A crocodile (Sewer)
  A centaur (D:8)
  Blork the orc (D:5)
  2 bullfrogs
  4 scorpions
  8 wights
  A howler monkey (D:8)
  2 jellies
  A bombardier beetle (D:7)
  7 hounds
  7 orc priests
  Crazy Yiuf (D:4)
  2 sleepcaps
  3 orc wizards
  13 adders
  A gnoll (D:8)
  A river rat (D:5)
  3 shadow imps
  A white imp (D:6)
  2 ribbon worms
  A dart slug (D:1)
  28 orcs
  5 ball pythons
  9 endoplasms
  A giant cockroach (D:1)
  8 goblins
  5 hobgoblins
  6 jackals
  3 quokkas
  8 bats
  4 frilled lizards
  6 kobolds
  9 rats
159 creatures vanquished.

Vanquished Creatures (others)
  An orc wizard (D:4)
1 creature vanquished.

Grand Total: 160 creatures vanquished

Notes
Turn   | Place    | Note
-------+----------+-------------------------------------------
     0 | D:1      | edsrzf the Coglin Gladiator began the quest for the Orb.
     0 | D:1      | Reached XP level 1. HP: 16/16 MP: 1/1
    94 | D:1      | Reached skill level 3 in Maces & Flails
   122 | D:1      | Reached XP level 2. HP: 22/22 MP: 2/2
   523 | D:2      | Reached XP level 3. HP: 27/27 MP: 3/3
   708 | D:2      | Reached skill level 4 in Maces & Flails
   740 | D:2      | Found a blossoming altar of Fedhas.
   869 | D:2      | Reached XP level 4. HP: 33/33 MP: 4/4
   988 | D:2      | You fall into a shaft and drop 1 floor!
  1950 | D:4      | Reached skill level 5 in Maces & Flails
  1950 | D:4      | Reached XP level 5. HP: 19/38 MP: 5/5
  1963 | D:4      | Identified 3 potions of brilliance
  1964 | D:4      | Identified 2 potions of curing
  2102 | D:4      | Identified the +1 pair of boots of the Hidden Vale {Harm
                  | rN+ Str-3 Dex+6}
  2140 | D:4      | Reached XP level 6. HP: 34/44 MP: 6/6
  2296 | D:4      | Reached skill level 6 in Maces & Flails
  2384 | D:4      | Found a shimmering altar of Xom.
  2589 | D:4      | Found a runed translucent door.
  2590 | D:4      | Noticed Crazy Yiuf
  2647 | D:4      | Killed Crazy Yiuf
  2684 | D:5      | Entered Level 5 of the Dungeon
  2685 | D:5      | Upgraded the game from 0.32-a0-708-g9ec0c11 to
                  | 0.32-a0-720-g1d96ad0
  2685 | D:5      | Identified 2 scrolls of identify
  2685 | D:5      | Identified a potion of heal wounds
  2686 | D:5      | Identified 2 scrolls of fear
  2728 | D:5      | Identified 2 scrolls of teleportation
  2747 | D:5      | Found Ommyny's Antique Armour Shoppe.
  2747 | D:5      | Noticed Blork the orc
  2755 | D:5      | Killed Blork the orc
  2756 | D:5      | Reached skill level 7 in Maces & Flails
  2756 | D:5      | Reached XP level 7. HP: 17/50 MP: 7/7
  2898 | D:5      | Found a glowing drain.
  2906 | Sewer    | Entered a sewer
  3004 | Sewer    | Reached skill level 8 in Maces & Flails
  3235 | D:5      | Reached XP level 8. HP: 42/56 MP: 8/8
  3384 | D:5      | Found a staircase to the Ecumenical Temple.
  3391 | Temple   | Entered the Ecumenical Temple
  3401 | Temple   | Became a worshipper of Cheibriados the Contemplative
  3714 | D:6      | Reached skill level 9 in Maces & Flails
  3926 | D:6      | Noticed Menkaure
  3935 | D:6      | Killed Menkaure
  3984 | D:6      | Reached * piety under Cheibriados
  3985 | D:6      | Reached skill level 10 in Maces & Flails
  4626 | D:7      | Reached XP level 9. HP: 61/61 MP: 9/9
  4824 | D:7      | Reached skill level 11 in Maces & Flails
  5192 | D:8      | Reached ** piety under Cheibriados
  5332 | D:8      | Killed themself with a badly aimed rupture

Illustrated notes

Levels and vault maps discovered:
D:1:      dpeg_arrival_concentric_ovals, layout_rooms
D:2:      layout_loops_corners, basic_altar
D:3:      layout_basic
D:4:      layout_basic, mainiacjoe_overflow_six_doors_small, bh_walls_and_bars,
          uniq_crazy_yiuf_cottage
D:5:      layout_basic, minmay_temple_entry_proselytizer, portal_sewer_entry_e,
          kennysheep_small_square, uniq_blork_the_orc
D:6:      layout_basic, uniq_menkaure
D:7:      layout_basic
D:8:      layout_basic, nicolae_the_louvre
Temple:   nicolae_temple_bog_church

Skill      XL: |  1  2  3  4  5  6  7  8  9 |
---------------+----------------------------+-----
Maces & Flails | 3 4 5 7 8 10 11 | 11.8
Fighting       | |  2.0
Throwing       | |  1.7
Dodging        | |  2.6

Action                     |  1- 3 |  4- 6 |  7- 9 || total
---------------------------+-------+-------+-------++-------
  Melee: Dagger            |    78 |    45 |       ||   123
         Flail             |    79 |    91 |   174 ||   344
         Morningstar       |       |    43 |   184 ||   227
  Throw: Dart              |       |     3 |       ||     3
         Throwing net      |       |     1 |       ||     1
         Javelin           |       |       |     3 ||     3
  Evoke: Wand              |       |       |     5 ||     5
    Use: Potion            |       |     3 |     4 ||     7
         Scroll            |       |     3 |     1 ||     4
   Stab: Sleeping          |     1 |       |       ||     1
         Held in net/web   |       |     1 |       ||     1
 Armour: Leather armour    |    47 |    40 |       ||    87
         Scale mail        |       |    22 |   175 ||   197
  Dodge: Dodged            |    64 |    46 |    98 ||   208

Table legend: (Time is in decaauts)
 A = Elapsed time spent in this place.
 B = Non-inter-level travel time spent in this place.
 C = Inter-level travel time spent in this place.
 D = Time resting spent in this place.
 E = Time spent auto-exploring this place.
 F = Levels seen in this place.
 G = Mean time per level.
                   A        B        C        D        E       F      G
               +--------+--------+--------+--------+--------+-----+--------+
         Total |   5810 |   5547 |    263 |    264 |   3902 |  10 |  581.0 |
       Dungeon |   5628 |   5387 |    241 |    264 |   3800 |   8 |  703.5 |
        Temple |     23 |      2 |     21 |      0 |      0 |   1 |   23.0 |
         Sewer |    159 |    159 |      0 |      0 |    102 |   1 |  159.0 |
               +--------+--------+--------+--------+--------+-----+--------+

Top non-repeatable levels by time:
     D:6: 1035 daAuts
     D:3: 942 daAuts
     D:5: 899 daAuts
     D:4: 761 daAuts
     D:7: 711 daAuts
     D:2: 512 daAuts
     D:1: 485 daAuts
     D:8: 278 daAuts
   Sewer: 159 daAuts
  Temple: 23 daAuts
